 Dungeon Crawl Stone Soup version 0.21-a0-331-gfb491b4 (webtiles) character file.

42281 Amnesiac the Destroyer (level 14, -1/106 HPs)
             Began as a Gnoll Conjurer on Oct 3, 2017.
             Was an Elder of Ashenzari.
             Slain by a tengu warrior
             ... wielding a +1 war axe
              (19 damage)
             ... on level 15 of the Dungeon.
             The game lasted 00:54:50 (17574 turns).

Amnesiac the Destroyer (Gnoll Conjurer)            Turns: 17574, Time: 00:54:51

Health: -1/106     AC:  5    Str: 11    XL:     14   Next: 19%
Magic:  2/28       EV: 24    Int: 22    God:    Ashenzari [****..]
Gold:   1004       SH: 11    Dex: 16    Spells: 13/33 levels left

rFire    . . .     SeeInvis +   W - +0 eveningstar (drain) (curse)
rCold    . . .     Gourm    .   L - +0 shield (curse)
rNeg     . . .     Faith    .   y - +0 robe
rPois    .         Spirit   .   E - +0 helmet
rElec    .         Reflect  .   s - scarf {cloud immunity}
rCorr    .         Harm     .   (no gloves)
MR       +....     Clarity  +   B - +0 pair of boots
Stlth    ++++......             w - amulet of regeneration
HPRegen  0.67/turn              h - +5 ring of evasion (curse)
MPRegen  0.21/turn              F - ring of wizardry (curse)

@: no status effects
A: distributed training, fangs 1, strong nose
a: Curse Item, Scrying, Renounce Religion


You were on level 15 of the Dungeon.
You worshipped Ashenzari.
Ashenzari was greatly pleased with you.
You were not hungry.

You visited 2 branches of the dungeon, and saw 16 of its levels.
You also visited: Ossuary.

You collected 1212 gold pieces.
You spent 208 gold pieces at shops.

Inventory:

Hand Weapons
 W - a cursed +0 eveningstar of draining (weapon)
Missiles
 T - a throwing net
Armour
 s - a scarf of cloud immunity (worn)
 x - the cursed +1 leather armour of Vanity {MR++ Regen+}
   (You took it off an orc priest on level 6 of the Dungeon)

   It affects your resistance to hostile enchantments.
   It increases your rate of regeneration.
   It has a curse placed upon it.
 y - a +0 robe (worn)
 B - a +0 pair of boots (worn)
 E - a +0 helmet (worn)
 L - a cursed +0 shield (worn)
 O - a +1 robe of magic resistance
Jewellery
 h - a cursed +5 ring of evasion (left hand)
 w - an amulet of regeneration (around neck)
 F - a cursed ring of wizardry (right hand)
 K - an uncursed ring of magical power
 Y - an uncursed amulet of the gourmand
Wands
 a - a wand of paralysis (16/24)
 d - a wand of lightning (10/15)
 k - a wand of lightning (4/15)
 n - a wand of acid (3/15)
 M - a wand of acid (9/15)
 P - a wand of digging (15/24)
 Q - a wand of confusion (19/48)
Scrolls
 b - 3 scrolls of magic mapping {!r, unknown}
 g - a scroll of blinking {!r}
 j - 5 scrolls of amnesia {!r}
 r - 5 scrolls of teleportation {!r}
 u - 6 scrolls of enchant weapon {!r}
 D - 5 scrolls of immolation {!r}
 I - a scroll of recharging {!r}
 N - a scroll of enchant armour {!r}
 R - 2 scrolls of brand weapon {!r}
 U - a scroll of silence {!r}
 X - 2 scrolls of remove curse {!r}
Potions
 e - 2 potions of curing {!q}
 l - a potion of invisibility {!q, unknown}
 m - 2 potions of degeneration {!q, unknown}
 p - 2 potions of magic {!q, unknown}
 q - 5 potions of mutation {!q, unknown}
 t - 4 potions of lignification {!q}
 A - 3 potions of might {!q}
 G - 3 potions of haste {!q}
 H - a potion of brilliance {!q}
 Z - a potion of resistance {!q}
Books
 S - a book of Debilitation

   Spells                             Type                      Level
   a - Corona                         Hexes                        1
   b - Slow                           Hexes                        2
   c - Inner Flame                    Hexes/Fire                   3
   d - Portal Projectile              Hexes/Translocation          3
   e - Cause Fear                     Hexes                        4
   f - Leda's Liquefaction            Hexes/Earth                  4
 V - a book of Conjurations

   Spells                             Type                      Level
   a - Magic Dart                     Conjuration                  1
   b - Searing Ray                    Conjuration                  2
   c - Dazzling Spray                 Conjuration/Hexes            3
   d - Fulminant Prism                Conjuration/Hexes            4
   e - Force Lance                    Conjuration/Translocation    4
   f - Iskenderun's Mystic Blast      Conjuration                  4
Comestibles
 c - 14 bread rations
 f - 4 fruits
 i - 7 royal jellies
 o - 8 meat rations


   Skills:
 + Level 8.9 Fighting
 + Level 8.9 Short Blades
 + Level 8.9 Long Blades
 + Level 8.9 Axes
 + Level 8.9(12.2) Maces & Flails
 + Level 8.9 Polearms
 + Level 8.9 Staves
 + Level 8.9 Slings
 + Level 8.9 Bows
 + Level 8.9 Crossbows
 + Level 8.9 Throwing
 + Level 8.9 Armour
 + Level 10.0 Dodging
 + Level 9.8 Stealth
   Level 0.0 Stabbing
 + Level 8.9(11.1) Shields
   Level 0.0 Traps
 + Level 8.9 Unarmed Combat
 + Level 10.1 Spellcasting
 + Level 12.0(14.0) Conjurations
 + Level 8.9(11.1) Hexes
 + Level 8.9(11.1) Charms
 + Level 8.9(11.1) Summonings
 + Level 8.9(11.1) Necromancy
 + Level 8.9(11.1) Translocations
 + Level 8.9(11.1) Transmutations
 + Level 8.9(11.1) Fire Magic
 + Level 8.9(11.1) Ice Magic
 + Level 8.9(11.1) Air Magic
 + Level 8.9(11.1) Earth Magic
 + Level 8.9(11.1) Poison Magic
 + Level 8.9 Invocations
 + Level 8.9(11.1) Evocations


You had 13 spell levels left.
You knew the following spells:

 Your Spells              Type           Power        Failure   Level  Hunger
b - Force Lance           Conj/Tloc      ######..     1%          4    ##.....
c - Cause Fear            Hex            ######....   1%          4    ##.....
e - Iskenderun's Mystic   Conj           ######..     1%          4    ##.....
q - Dazzling Spray        Conj/Hex       ######       1%          3    None
s - Fulminant Prism       Conj/Hex       ######....   1%          4    ##.....
y - Magic Dart            Conj           ####         1%          1    None


Dungeon Overview and Level Annotations

Branches:
Dungeon (15/15)            Temple (1/1) D:5            Lair (0/6) D:8
    Orc (0/2) D:11         Vaults (0/5) D:13         Depths (0/5) D:15

Altars:
Ashenzari
Cheibriados
Dithmenos
Elyvilon
Fedhas
Hepliaklqana
Kikubaaqudgha
Makhleb
Nemelex Xobeh
Okawaru
Qazlal
Ru
Sif Muna
Trog
Uskayaw
Vehumet
Wu Jian
Xom
Yredelemnul
Zin
The Shining One

Shops:
D:14 (   D:15 [

Portals:
Trove: D:11 (give 8 scrolls of blinking)

Annotations:
D:12 Azrael


Innate Abilities, Weirdness & Mutations

Your experience applies equally to all skills.
You have very sharp teeth.
Your uncanny sense of smell can sniff out nearby items.


Message History

* * * LOW HITPOINT WARNING * * *
You block the tengu warrior's attack. x2
You see here an ugly thing corpse.
You see here an ugly thing corpse.
You feel sick.
You are no longer poisoned.
Casting: Fulminant Prism
Confirm with . or Enter, or press ? or * to list all spells.
Aiming: Fulminant Prism
Press: ? - help, Dir - move target cursor You conjure a prism of explosive energy!
The tengu warrior hits you with an enchanted war axe!
* * * LOW HITPOINT WARNING * * *
The tengu warrior hits your fulminant prism with an enchanted war axe!
You block the tengu warrior's attack.
The tengu warrior claws you but does no damage.
Your fulminant prism crackles loudly.
Your fulminant prism explodes!
The blast of energy engulfs the tengu warrior.
The tengu warrior is almost dead.
The tengu warrior blocks your attack.
The tengu warrior is almost dead.
You block the tengu warrior's attack. The tengu warrior barely misses you.
The tengu warrior claws you.
* * * LOW HITPOINT WARNING * * *
You closely miss the tengu warrior.
The tengu warrior is almost dead.
The tengu warrior completely misses you.
The tengu warrior pecks you.
* * * LOW HITPOINT WARNING * * *
The tengu warrior claws you.
* * * LOW HITPOINT WARNING * * *
You see here an ugly thing corpse.
You see here an ugly thing corpse.
Press: ? - help, v - describe, . - travel
Here: a tengu warrior, wielding an enchanted war axe, wearing a ring mail and wearing a shield (almost dead)
The floor.
You barely miss the tengu warrior.
The tengu warrior is almost dead.
The tengu warrior closely misses you. The tengu warrior barely misses you.
The tengu warrior claws you.
* * * LOW HITPOINT WARNING * * *
Casting: Fulminant Prism
Confirm with . or Enter, or press ? or * to list all spells.
Aiming: Fulminant Prism
Press: ? - help, Dir - move target cursor You conjure a prism of explosive energy!
The tengu warrior hits you with an enchanted war axe.
* * * LOW HITPOINT WARNING * * *
The tengu warrior hits your fulminant prism with an enchanted war axe.
The tengu warrior pecks you but does no damage.
The tengu warrior misses you.
Your fulminant prism crackles loudly.
Your fulminant prism explodes!
The blast of energy engulfs the tengu warrior.
The tengu warrior is almost dead.
The tengu warrior hits you with an enchanted war axe!
* * * LOW HITPOINT WARNING * * *
You block the tengu warrior's attack. The tengu warrior claws you.
* * * LOW HITPOINT WARNING * * *
You miss the tengu warrior.
The tengu warrior is almost dead.
The tengu warrior hits you with an enchanted war axe!!
You die...

### * #.. ,,,, ,,,
######.# ** * **,*
##...##.# * * ##.....#.#
*,* **###........# , ,
...........###### ,*
.............Q@.# #.#
##.....#.####.# #.#
##...##†# #.# #.# * *
##.###†# #.# #.# ,*
#.###.####.## #.# *
#....∩......####.#
#####.....#......#########
####....#............#
*#######.#.##.##########.#


You could see a tengu warrior.

Vanquished Creatures
  An ettin (D:15)
  Josephine (D:14)
  3 hydras
  2 vault guards (D:13)
  2 two-headed ogres
  4 centaur warriors
  Erica (D:8)
  An ogre mage (D:15)
  A tengu warrior (D:15)
  The ghost of zero the Severer, a novice MiBe of Trog (D:8)
  Urug (D:14)
  An unseen horror (D:12)
  A deep troll (D:15)
  3 orc knights (D:13)
  2 deep elf archers (D:13)
  Pikel (D:7)
  2 deep elf magi (D:14)
  16 ugly things
  The ghost of B1inky the Slasher, a novice OpFi of Makhleb (D:6)
  A manticore (D:14)
  2 cyclopes
  A gargoyle (D:13)
  A yaktaur (D:13)
  2 komodo dragons
  4 tengu conjurers
  5 trolls
  Grinder (D:3)
  A hornet (D:14)
  5 hippogriffs
  Sigmund (D:2)
  A vampire (D:11)
  A shadow (D:13)
  2 wyverns
  A fire elemental (D:12)
  4 wraiths
  6 yaks (D:9)
  6 hungry ghosts
  4 vampire mosquitoes (D:14)
  3 acid dragons
  5 hell hounds
  A water moccasin (D:5)
  6 orc warriors
  Duvessa (D:7)
  A hornet zombie (D:14)
  5 sky beasts
  A slave (D:7)
  2 black bears (D:11)
  3 ice beasts
  A necrophage (D:8)
  8 ogres
  26 centaurs
  An eye of draining (D:10)
  3 phantoms
  A crocodile (D:8)
  7 bullfrogs
  4 big kobolds
  A water moccasin zombie (D:10)
  Dowan (D:7)
  A gnoll sergeant (D:11)
  3 scorpions
  2 water moccasin skeletons
  9 wights
  3 howler monkeys
  3 crimson imps
  A quasit (D:5)
  3 centaur zombies
  A bullfrog zombie (D:13)
  3 jellies
  5 centaur skeletons
  9 orc priests
  4 hounds
  12 orc wizards
  A bullfrog skeleton (D:11)
  An iguana (D:9)
  Terence (D:3)
  Natasha (thrice) (D:3)
  12 worker ants
  A hound zombie (D:7)
  2 hound skeletons
  A howler monkey zombie (D:6)
  8 mummies (Ossuary)
  A howler monkey skeleton (D:5)
  3 gnolls (D:11)
  14 adders
  7 shadow imps
  3 oozes
  2 adder skeletons
  An adder zombie (D:7)
  4 worms
  4 dart slugs
  3 leopard geckos
  63 orcs
  8 bats
  7 giant cockroaches
  A gnoll zombie (Ossuary)
  3 goblins
  7 hobgoblins
  20 jackals
  9 quokkas
  A ball python (D:5)
  4 frilled lizards
  A hobgoblin zombie (Ossuary)
  24 kobolds
  4 kobold zombies (Ossuary)
  2 orc zombies (Ossuary)
  2 quokka zombies
  5 rats
  A fulminant prism (D:13)
  A fungus (D:10)
469 creatures vanquished.

Vanquished Creatures (others)
  219 fulminant prisms
219 creatures vanquished.

Grand Total: 688 creatures vanquished

Notes
Turn   | Place    | Note
-------+----------+-------------------------------------------
     0 | D:1      | Amnesiac the Gnoll Conjurer began the quest for the Orb.
     0 | D:1      | Reached XP level 1. HP: 13/13 MP: 6/6
   181 | D:1      | Reached XP level 2. HP: 16/19 MP: 5/7
   517 | D:1      | Reached skill level 5 in Spellcasting
   517 | D:1      | Reached XP level 3. HP: 25/25 MP: 0/9
   741 | D:2      | Noticed Sigmund
   747 | D:2      | Learned a level 3 spell: Dazzling Spray
   822 | D:2      | Reached skill level 1 in Fighting
   822 | D:2      | Reached skill level 1 in Short Blades
   822 | D:2      | Reached skill level 1 in Long Blades
   822 | D:2      | Reached skill level 1 in Axes
   822 | D:2      | Reached skill level 1 in Maces & Flails
   822 | D:2      | Reached skill level 1 in Polearms
   822 | D:2      | Reached skill level 1 in Staves
   822 | D:2      | Reached skill level 1 in Slings
   822 | D:2      | Reached skill level 1 in Bows
   822 | D:2      | Reached skill level 1 in Crossbows
   822 | D:2      | Reached skill level 1 in Throwing
   822 | D:2      | Reached skill level 1 in Armour
   822 | D:2      | Reached skill level 1 in Shields
   822 | D:2      | Reached skill level 1 in Unarmed Combat
   822 | D:2      | Reached skill level 1 in Hexes
   822 | D:2      | Reached skill level 1 in Charms
   822 | D:2      | Reached skill level 1 in Summonings
   822 | D:2      | Reached skill level 1 in Necromancy
   822 | D:2      | Reached skill level 1 in Translocations
   822 | D:2      | Reached skill level 1 in Transmutations
   822 | D:2      | Reached skill level 1 in Fire Magic
   822 | D:2      | Reached skill level 1 in Ice Magic
   822 | D:2      | Reached skill level 1 in Air Magic
   822 | D:2      | Reached skill level 1 in Earth Magic
   822 | D:2      | Reached skill level 1 in Poison Magic
   822 | D:2      | Reached skill level 1 in Invocations
   822 | D:2      | Reached skill level 1 in Evocations
   925 | D:2      | Reached XP level 4. HP: 32/32 MP: 11/11
   931 | D:2      | Learned a level 4 spell: Fulminant Prism
  1193 | D:2      | Killed Sigmund
  1193 | D:2      | Reached XP level 5. HP: 30/38 MP: 5/12
  1326 | D:2      | Reached XP level 6. HP: 44/44 MP: 6/13
  1349 | D:2      | Found an ornate altar of the Wu Jian Council.
  1520 | D:3      | Found a bloodstained altar of Trog.
  1528 | D:3      | Noticed Terence
  1546 | D:3      | Killed Terence
  1819 | D:3      | Reached skill level 5 in Dodging
  1829 | D:3      | Noticed Natasha
  1962 | D:3      | Noticed Grinder
  1966 | D:3      | Paralysed by Grinder for 2 turns
  2290 | D:4      | Reached XP level 7. HP: 42/50 MP: 0/15
  2451 | D:4      | Found an iron altar of Okawaru.
  2574 | D:4      | Found a sand-covered staircase.
  2579 | Ossuary  | Entered an ossuary
  2995 | D:5      | Entered Level 5 of the Dungeon
  3206 | D:3      | Killed Grinder
  3206 | D:3      | Reached skill level 5 in Stealth
  3206 | D:3      | Reached skill level 9 in Conjurations
  3541 | D:3      | Killed Natasha
  3741 | D:3      | Noticed Natasha
  3747 | D:3      | Killed Natasha
  3929 | D:3      | Noticed Natasha
  3939 | D:3      | Killed Natasha
  3939 | D:3      | Reached XP level 8. HP: 57/57 MP: 9/16
  4600 | D:5      | Found a staircase to the Ecumenical Temple.
  4623 | D:5      | Found a deep blue altar of Sif Muna.
  4663 | Temple   | Entered the Ecumenical Temple
  4681 | Temple   | Became a worshipper of Ashenzari the Shackled
  5103 | D:5      | Reached XP level 9. HP: 65/65 MP: 13/18
  5109 | D:5      | Learned a level 4 spell: Force Lance
  5604 | D:6      | Noticed B1inky's ghost (novice OpFi)
  6157 | D:6      | Got the cursed leather armour of Vanity {MR++ Regen+}
  6217 | D:6      | Identified the cursed +1 leather armour of Vanity {MR++ Regen+} (You took it off an orc priest on level 6 of the Dungeon)
  6227 | D:6      | Killed B1inky's ghost
  6379 | D:6      | Found a hazy altar of Hepliaklqana.
  6546 | D:7      | Noticed Duvessa
  6546 | D:7      | Noticed Dowan
  6552 | D:7      | Killed Duvessa
  6555 | D:7      | Killed Dowan
  6867 | D:7      | Found a shimmering altar of Xom.
  6869 | D:7      | Found a basalt altar of Yredelemnul.
  6907 | D:7      | Reached XP level 10. HP: 73/73 MP: 20/20
  6952 | D:7      | Found a burning altar of Makhleb.
  6954 | D:7      | Found a sacrificial altar of Ru.
  6983 | D:7      | Learned a level 4 spell: Cause Fear
  7175 | D:7      | Reached * piety under Ashenzari
  7182 | D:7      | Found a glowing silver altar of Zin.
  7295 | D:7      | Noticed Pikel
  7301 | D:7      | Killed Pikel
  7301 | D:7      | Reached skill level 5 in Fighting
  7301 | D:7      | Reached skill level 5 in Short Blades
  7301 | D:7      | Reached skill level 5 in Long Blades
  7301 | D:7      | Reached skill level 5 in Axes
  7301 | D:7      | Reached skill level 5 in Maces & Flails
  7301 | D:7      | Reached skill level 5 in Polearms
  7301 | D:7      | Reached skill level 5 in Staves
  7301 | D:7      | Reached skill level 5 in Slings
  7301 | D:7      | Reached skill level 5 in Bows
  7301 | D:7      | Reached skill level 5 in Crossbows
  7301 | D:7      | Reached skill level 5 in Throwing
  7301 | D:7      | Reached skill level 5 in Armour
  7301 | D:7      | Reached skill level 5 in Shields
  7301 | D:7      | Reached skill level 5 in Unarmed Combat
  7301 | D:7      | Reached skill level 5 in Hexes
  7301 | D:7      | Reached skill level 5 in Charms
  7301 | D:7      | Reached skill level 5 in Summonings
  7301 | D:7      | Reached skill level 5 in Necromancy
  7301 | D:7      | Reached skill level 5 in Translocations
  7301 | D:7      | Reached skill level 5 in Transmutations
  7301 | D:7      | Reached skill level 5 in Fire Magic
  7301 | D:7      | Reached skill level 5 in Ice Magic
  7301 | D:7      | Reached skill level 5 in Air Magic
  7301 | D:7      | Reached skill level 5 in Earth Magic
  7301 | D:7      | Reached skill level 5 in Poison Magic
  7301 | D:7      | Reached skill level 5 in Invocations
  7301 | D:7      | Reached skill level 5 in Evocations
  7439 | D:8      | Noticed Erica
  7453 | D:8      | Killed Erica
  7453 | D:8      | Reached skill level 10 in Conjurations
  7683 | D:8      | Noticed zero's ghost (novice MiBe)
  7894 | D:8      | Learned a level 4 spell: Iskenderun's Mystic Blast
  8851 | D:9      | Reached XP level 11. HP: 60/81 MP: 11/22
  9189 | D:10     | Entered Level 10 of the Dungeon
  9189 | D:10     | Noticed a two-headed ogre
  9207 | D:9      | Killed a two-headed ogre
  9456 | D:8      | Found a staircase to the Lair.
  9621 | D:8      | Killed zero's ghost
  9831 | D:8      | Reached ** piety under Ashenzari
 10383 | D:10     | Found a stormy altar of Qazlal.
 10574 | D:10     | Noticed a two-headed ogre
 10614 | D:10     | Killed a two-headed ogre
 11246 | D:11     | Found a portal to a secret trove of treasure.
 11719 | D:11     | Found a staircase to the Orcish Mines.
 12060 | D:12     | Found a shattered altar of Ashenzari.
 12286 | D:12     | Reached XP level 12. HP: 89/89 MP: 19/24
 12288 | D:12     | Noticed Azrael
 12464 | D:12     | Reached *** piety under Ashenzari
 13334 | D:13     | Noticed an eight-headed hydra
 13340 | D:13     | Killed an eight-headed hydra
 13720 | D:13     | Reached skill level 11 in Conjurations
 14362 | D:13     | Noticed a vault guard
 14539 | D:13     | Killed a vault guard
 14702 | D:13     | Noticed a vault guard
 14709 | D:13     | Killed a vault guard
 14735 | D:13     | Found a gate to the Vaults.
 15134 | D:14     | Reached XP level 13. HP: 85/98 MP: 13/26
 15199 | D:14     | Noticed Josephine
 15215 | D:14     | Killed Josephine
 15619 | D:14     | Noticed Urug
 15638 | D:14     | Killed Urug
 16295 | D:14     | Found Kicy's Weapon Shoppe.
 16451 | D:14     | Reached **** piety under Ashenzari
 16541 | D:15     | Entered Level 15 of the Dungeon
 16546 | D:15     | Noticed an ettin
 16933 | D:15     | Killed an ettin
 16947 | D:15     | Reached skill level 10 in Spellcasting
 17075 | D:15     | Reached XP level 14. HP: 72/106 MP: 2/28
 17425 | D:15     | Found a staircase to the Depths.
 17474 | D:15     | Found Ucwoasmaed's Antique Armour Shop.
 17494 | D:15     | Reached skill level 10 in Dodging
 17494 | D:15     | Reached skill level 12 in Conjurations
 17513 | D:15     | Bought an embroidered scarf for 208 gold pieces
 17574 | D:15     | Slain by a tengu warrior

Vault maps used:
D:1:      dpeg_arrival_tiny_g
D:2:      marbit_many_paths, uniq_sigmund
D:3:      lemuel_doored_altar, uniq_terence, uniq_grinder, uniq_natasha
D:4:      kennysheep_mini, enter_ossuary_5
D:5:      kennysheep_mini_moat, minmay_temple_entry_glassed_door, first_bread
D:6:      lemuel_statue_altar
D:7:      nicolae_overflow_hidden_temple, grunt_ogre_cave,
          david_defended_altar_elf, uniq_pikel, uniq_duvessa
D:8:      minmay_lair_entry_lava, uniq_erica
D:10:     minmay_gold_behind_fungi, grunt_qazlal_sundering
D:11:     orc_0_dummy, enter_trove_3
D:12:     ashenzari_altar_1, uniq_azrael
D:13:     grunt_vaults_entry_fortified
D:14:     serial_shops, shop, kennysheep_cluttered_room, uniq_urug,
          uniq_josephine
D:15:     hangedman_depths_entry_civil_slaughter, serial_shops, shop,
          serial_park_square1
Temple:   nicolae_temple_great_sept
Ossuary:  ossuary_tomb_3

Skill      XL: |  1  2  3  4  5  6  7  8  9 10 11 12 13 14 |
---------------+-------------------------------------------+-----
Spellcasting   | 5 6 7 8 9 10 | 10.1
Fighting       | 1 2 3 4 5 6 7 8 |  8.9
Short Blades   | 1 2 3 4 5 6 7 8 |  8.9
Long Blades    | 1 2 3 4 5 6 7 8 |  8.9
Axes           | 1 2 3 4 5 6 7 8 |  8.9
Maces & Flails | 1 2 3 4 5 6 7 8 |  8.9
Polearms       | 1 2 3 4 5 6 7 8 |  8.9
Staves         | 1 2 3 4 5 6 7 8 |  8.9
Slings         | 1 2 3 4 5 6 7 8 |  8.9
Bows           | 1 2 3 4 5 6 7 8 |  8.9
Crossbows      | 1 2 3 4 5 6 7 8 |  8.9
Throwing       | 1 2 3 4 5 6 7 8 |  8.9
Armour         | 1 2 3 4 5 6 7 8 |  8.9
Shields        | 1 2 3 4 5 6 7 8 |  8.9
Unarmed Combat | 1 2 3 4 5 6 7 8 |  8.9
Hexes          | 1 2 3 4 5 6 7 8 |  8.9
Charms         | 1 2 3 4 5 6 7 8 |  8.9
Summonings     | 1 2 3 4 5 6 7 8 |  8.9
Necromancy     | 1 2 3 4 5 6 7 8 |  8.9
Translocations | 1 2 3 4 5 6 7 8 |  8.9
Transmutations | 1 2 3 4 5 6 7 8 |  8.9
Fire Magic     | 1 2 3 4 5 6 7 8 |  8.9
Ice Magic      | 1 2 3 4 5 6 7 8 |  8.9
Air Magic      | 1 2 3 4 5 6 7 8 |  8.9
Earth Magic    | 1 2 3 4 5 6 7 8 |  8.9
Poison Magic   | 1 2 3 4 5 6 7 8 |  8.9
Invocations    | 1 2 3 4 5 6 7 8 |  8.9
Evocations     | 1 2 3 4 5 6 7 8 |  8.9
Dodging        | 5 6 7 8 9 10 | 10.0
Stealth        | 5 6 7 8 9 |  9.8
Conjurations   | 9 10 11 12 | 12.0

Action                   |  1- 3 |  4- 6 |  7- 9 | 10-12 | 13-15 || total
-------------------------+-------+-------+-------+-------+-------++-------
Melee: Spear             |     3 |    38 |   111 |       |       ||   152
       Unarmed           |     1 |       |       |       |       ||     1
       Bite              |       |     3 |    22 |    37 |    25 ||    87
       Dagger            |       |       |   138 |   181 |    22 ||   341
       Scimitar          |       |       |       |   137 |    30 ||   167
       Eveningstar       |       |       |       |       |   174 ||   174
 Cast: Magic Dart        |    56 |    70 |    69 |    29 |       ||   224
       Dazzling Spray    |     3 |       |       |       |    25 ||    28
       Fulminant Prism   |       |    14 |    58 |    99 |    50 ||   221
       Iskenderun's Myst |       |       |       |   139 |    31 ||   170
       Force Lance       |       |       |       |       |     2 ||     2
Invok: Curse Item        |       |       |     3 |       |     1 ||     4
  Use: Potion            |       |       |     1 |     8 |     1 ||    10
       Scroll            |       |       |     1 |    21 |     3 ||    25
 Stab: Sleeping          |       |       |     6 |     6 |     2 ||    14
       Distracted        |       |       |       |     1 |     1 ||     2
  Eat: Chunk             |       |     6 |    23 |    33 |    11 ||    73
       Fruit             |       |       |       |     5 |       ||     5
       Bread ration      |       |       |       |     2 |       ||     2
Armor: Robe              |     2 |     3 |    32 |    42 |    17 ||    96
Dodge: Dodged            |    10 |    37 |   208 |   285 |   191 ||   731
Block: Buckler           |       |       |    14 |       |       ||    14
       Shield            |       |       |    70 |   193 |   137 ||   400
       Rpst.: Scimitar   |       |       |       |    27 |     4 ||    31

Table legend:
 A = Spawn XP
 B = Non-spawn XP
 C = Spawn XP percentage of total XP
 D = Spawn monster count
 E = Non-spawn monster count
 F = Spawn count percentage of total count
 G = Total turns spent on level
                    A         B        C        D         E        F      G
               +---------+---------+-------+---------+---------+-------+---------
         Total |       0 |   60402 |   0.0 |       0 |     466 |   0.0 | 17574
               +---------+---------+-------+---------+---------+-------+---------
           D:1 |       0 |      41 |   0.0 |       0 |      20 |   0.0 |   595
           D:2 |       0 |     298 |   0.0 |       0 |      23 |   0.0 |   925
           D:3 |       0 |     458 |   0.0 |       0 |      31 |   0.0 |  1324
           D:4 |       0 |     255 |   0.0 |       0 |      26 |   0.0 |  1063
           D:5 |       0 |    1643 |   0.0 |       0 |      53 |   0.0 |  1962
           D:6 |       0 |     896 |   0.0 |       0 |      17 |   0.0 |   474
           D:7 |       0 |    2066 |   0.0 |       0 |      29 |   0.0 |   836
           D:8 |       0 |    3477 |   0.0 |       0 |      29 |   0.0 |  1837
           D:9 |       0 |    3432 |   0.0 |       0 |      31 |   0.0 |   990
          D:10 |       0 |    2501 |   0.0 |       0 |      25 |   0.0 |   824
          D:11 |       0 |    2659 |   0.0 |       0 |      32 |   0.0 |  1027
          D:12 |       0 |    3728 |   0.0 |       0 |      38 |   0.0 |  1339
          D:13 |       0 |    9926 |   0.0 |       0 |      22 |   0.0 |  1727
          D:14 |       0 |   17929 |   0.0 |       0 |      50 |   0.0 |  1530
          D:15 |       0 |   10942 |   0.0 |       0 |      24 |   0.0 |   918
       Ossuary |       0 |     151 |   0.0 |       0 |      16 |   0.0 |   172
               +---------+---------+-------+---------+---------+-------+---------
